AoeStats
← [KMNB] Bandeira

Arabia

509216801Analyzed
2v2 RM · 6d ago on Sep 25, 2026· 28m 18s· 4 players
Game mode
Random Map
Map size
Medium (4 player)
Population
200
Speed
Normal
Resources
Standard
Victory
Conquest
Starting age
Dark Age
Ending age
Imperial Age
RankedLock teamsTeams togetherTeam positionsShared explorationLock speedFull tech treeHidden civsTurbo modeCheats
Victory
Defeat
🇧🇷 Magyars · Brazil
1534
+13
🇧🇷 Ethiopians · Brazil
1481
+15
1507
-16
🇲🇽 Magyars · Mexico
1420
-12
El Influencer y hotelero 3x
11:29 Feudal Age
11:53 Loom
16:36 Castle Age
16:28 Double-Bit Axe
19:26 Wheelbarrow
22:13 Hand Cart
22:45 Bow Saw
23:43 Horse Collar
25:32 Town Watch
27:28 Scale Barding Armor
29:54 Imperial Age
27:52 Husbandry
28:04 Forging
Mike Ross
8:10 Loom
10:25 Feudal Age
15:29 Castle Age
[KMNB] Bandeira
2:58 Loom
9:29 Feudal Age
10:06 Double-Bit Axe
17:07 Scale Barding Armor
21:35 Castle Age
21:05 Bloodlines
21:26 Gold Mining
22:25 Husbandry
22:53 Chain Barding Armor
23:14 Husbandry
25:12 Bow Saw
26:06 Wheelbarrow
[KMNB] Galodoido
8:40 Feudal Age
7:11 Loom
12:43 Fletching
16:24 Padded Archer Armor
17:23 Double-Bit Axe
23:18 Castle Age
22:57 Gold Mining
22:48 Horse Collar
23:20 Crossbowman
23:56 Bodkin Arrow
24:30 Bow Saw
24:39 Leather Archer Armor
25:41 Ballistics
27:10 Heavy Plow
28:19 Stone Mining
Connection lost

Rejoining the realm…

Still unreachable

The connection could not be restored.

Session expired

The server has moved on; the page needs a fresh start.